AoeStats
← wolololigma

Highland

506987963Analyzed
2v2 RM · 15d ago on Sep 16, 2026· 51m 40s· 4 players
Game mode
Random Map
Map size
Medium (4 player)
Population
200
Speed
Normal
Resources
Standard
Victory
Conquest
Starting age
Dark Age
Ending age
Imperial Age
RankedLock teamsTeams togetherTeam positionsShared explorationLock speedFull tech treeHidden civsTurbo modeCheats
Victory
Defeat
🇺🇸 Vietnamese · United States
1156
+13
🇺🇸 Magyars · United States
1156
+13
🇺🇸 Malay · United States
1133
-14
🇺🇸 Saracens · United States
1070
-12
Reaper
6:34 Loom
9:38 Feudal Age
10:14 Double-Bit Axe
11:14 Wheelbarrow
15:50 Fletching
23:55 Castle Age
22:45 Horse Collar
23:03 Gold Mining
23:57 Crossbowman
24:33 Bodkin Arrow
25:18 Thumb Ring
27:01 Bow Saw
30:02 Hand Cart
36:40 Imperial Age
35:26 Ballistics
38:23 Chemistry
37:01 Arbalester
38:47 Bracer
44:03 Town Watch
Bodi MIller
7:00 Loom
9:52 Feudal Age
10:27 Double-Bit Axe
10:25 Horse Collar
19:00 Wheelbarrow
22:22 Castle Age
20:15 Gold Mining
21:36 Bloodlines
21:36 Scale Barding Armor
24:05 Bow Saw
25:10 Chain Barding Armor
25:01 Heavy Plow
31:00 Gold Shaft Mining
30:16 Stone Mining
36:38 Imperial Age
37:37 Husbandry
37:30 Fletching
37:44 Cavalier
39:06 Paladin
41:56 Crop Rotation
42:33 Two-Man Saw
45:15 Siege Engineers
45:31 Ballistics
46:12 Chemistry
46:06 Plate Barding Armor
45:27 Bodkin Arrow
47:29 Murder Holes
Squatch360
2:45 Loom
11:20 Feudal Age
11:24 Double-Bit Axe
13:20 Wheelbarrow
18:54 Castle Age
18:36 Husbandry
23:17 Bow Saw
29:29 Thalassocracy
30:00 Fletching
30:56 Horse Collar
32:51 Bodkin Arrow
36:18 Ballistics
36:46 Fishing Lines
42:02 Imperial Age
40:25 Hand Cart
41:20 Scale Barding Armor
40:56 Elite Skirmisher
42:14 Medium Warships
44:19 Chemistry
45:02 Conscription
45:06 Bracer
wolololigma
4:27 Loom
10:44 Feudal Age
11:26 Double-Bit Axe
11:22 Horse Collar
25:11 Castle Age
23:32 Stone Mining
24:53 Gold Mining
25:18 Fletching
25:28 Padded Archer Armor
25:40 Forging
25:30 Scale Mail Armor
26:49 Elite Skirmisher
32:26 Wheelbarrow
37:57 Fortified Wall
37:43 Murder Holes
38:42 Hand Cart
38:48 Bloodlines
38:38 Husbandry
41:40 Imperial Age
41:27 Iron Casting
40:58 Scale Barding Armor
43:14 Conscription
42:15 Elite Mameluke
49:52 Bodkin Arrow
50:12 Leather Archer Armor
50:59 Blast Furnace
50:19 Chain Barding Armor
Connection lost

Rejoining the realm…

Still unreachable

The connection could not be restored.

Session expired

The server has moved on; the page needs a fresh start.